 Dungeon Crawl Stone Soup version 0.20-a0-502-g555d78b (webtiles) character file.

783 Kaname the Reanimator (level 7, -8/50 HPs)
             Began as a Demonspawn Necromancer on Jan 20, 2017.
             Mangled by casual's ghost (18 damage)
             ... on level 3 of the Dungeon.
             The game lasted 00:09:57 (3082 turns).

Kaname the Reanimator (Demonspawn Necromancer)      Turns: 3082, Time: 00:09:57

Health: -8/50      AC: 10    Str:  8    XL:     7   Next: 55%
Magic:  10/10      EV: 12    Int: 19    God:
Gold:   106        SH:  0    Dex: 13    Spells: 3/10 levels left

rFire    . . .     SeeInvis .   t - +4 dagger (venom)
rCold    . . .     Gourm    .   u - +0 animal skin
rNeg     . . .     Faith    .   (no shield)
rPois    .         Spirit   .   v - +0 helmet
rElec    .         Reflect  .   (no cloak)
rCorr    .         Harm     .   x - +0 pair of gloves
MR       .....                  (no boots)
Stlth    ++........             (no amulet)
Regen    0.2/turn               (no ring)
                                (no ring)

@: sanguine armour
A: claws 1, demonic guardian 2, powered by death 1, sanguine armour 1
a: no special abilities


You were on level 3 of the Dungeon.
You were hungry.

You visited 1 branch of the dungeon, and saw 3 of its levels.

You collected 106 gold pieces.

Inventory:

Hand Weapons
 t - a +4 dagger of venom (weapon)
Armour
 u - a +0 animal skin (worn)
 v - a +0 helmet (worn)
 x - a +0 pair of gloves (worn)
Jewellery
 h - a cursed ring of loudness {unknown}
Scrolls
 a - a scroll of noise {unknown}
 e - 2 scrolls of remove curse {unknown}
 g - 2 scrolls of identify {unknown}
 k - 2 scrolls of blinking {unknown}
 m - a scroll of recharging {unknown}
 q - a scroll of teleportation {unknown}
 r - a scroll of amnesia {unknown}
Potions
 d - a potion of cancellation {unknown}
 f - a potion of brilliance {unknown}
 i - 2 potions of ambrosia {unknown}
 j - a potion of lignification {unknown}
 l - a potion of cure mutation {unknown}
 o - a potion of degeneration {unknown}
 s - a potion of haste {unknown}
Books
 b - a book of Necromancy

   Spells                             Type                      Level
   a - Pain                           Necromancy                   1
   b - Animate Skeleton               Necromancy                   1
   c - Vampiric Draining              Necromancy                   3
   d - Regeneration                   Charms/Necromancy            3
   e - Animate Dead                   Necromancy                   4
   f - Control Undead                 Necromancy                   4
Comestibles
 c - a bread ration
 n - 3 fruits
 p - a beef jerky


   Skills:
 - Level 2.0 Fighting
 - Level 1.7 Dodging
 - Level 1.7 Stealth
 - Level 2.0 Spellcasting
 + Level 9.9 Necromancy


You had 3 spell levels left.
You knew the following spells:

 Your Spells              Type           Power        Failure   Level  Hunger
a - Pain                  Necr           ####         1%          1    #......
b - Vampiric Draining     Necr           #####.....   1%          3    ###....
c - Regeneration          Chrm/Necr      ###.......   10%         3    ###....


Dungeon Overview and Level Annotations

Branches:
Dungeon (3/15)

Altars:
Fedhas
Yredelemnul

Annotations:
D:3 casual's ghost, amateur BaFi


Innate Abilities, Weirdness & Mutations

You have sharp fingernails.
A demonic guardian rushes to your aid.
You regenerate a little health from kills.
When seriously injured, your bleeding wounds create armour. (AC +6)


Message History

You hit casual's ghost but do no damage.
Casual's ghost is heavily damaged.
Casual's ghost barely misses you.
Your orange demon stings casual's ghost from afar!
You hit casual's ghost but do no damage.
Casual's ghost is severely damaged.
Your blood armour dries and flakes away.
Casual's ghost hits you.
Your blood congeals into armour.
You are electrocuted!
* * * LOW HITPOINT WARNING * * *
Your orange demon stings casual's ghost from afar.
You are too injured to fight recklessly!
You are too injured to fight recklessly!
You are too injured to fight recklessly!
You are too injured to fight recklessly!
You hit casual's ghost but do no damage.
Casual's ghost is severely damaged.
Casual's ghost hits you.
* * * LOW HITPOINT WARNING * * *
You are electrocuted!
You die...

+.........'...
#....<....####
##.>..)..## # ##
##.....## # .. ##...##
# #.####### ##'## #
###.......# #.# #
......W.#.# #.# #
#@#.# ##.## #
#..##4#.####...## #
#...............# #
##.##.#.###....#######
........# #...........
##########
############


You could see casual's ghost and a friendly orange demon.

Vanquished Creatures
  A two-headed ogre (D:3)
  Robin (D:3)
  A gnoll (D:1)
  3 adders
  2 worms (D:2)
  3 dart slugs
  5 orcs (D:3)
  3 ball pythons
  8 bats
  6 giant cockroaches
  18 goblins
  7 hobgoblins
  5 jackals
  A quokka (D:2)
  5 frilled lizards
  5 kobolds
  15 rats
89 creatures vanquished.

Notes
Turn   | Place    | Note
-------+----------+-------------------------------------------
     0 | D:1      | Kaname the Demonspawn Necromancer began the quest for the Orb.
     0 | D:1      | Reached XP level 1. HP: 13/13 MP: 3/3
   371 | D:1      | Gained mutation: A weak demonic guardian rushes to your aid. [demonic ancestry]
   371 | D:1      | Reached XP level 2. HP: 17/19 MP: 0/5
   380 | D:1      | Reached skill level 5 in Necromancy
   455 | D:1      | Reached skill level 1 in Fighting
   708 | D:1      | Gained mutation: You have sharp fingernails. [demonic ancestry]
   708 | D:1      | Reached XP level 3. HP: 15/27 MP: 4/6
   803 | D:1      | Learned a level 3 spell: Vampiric Draining
  1351 | D:2      | Found a blossoming altar of Fedhas.
  1448 | D:2      | Gained mutation: You regenerate a little health from kills. [demonic ancestry]
  1448 | D:2      | Reached XP level 4. HP: 10/33 MP: 2/7
  1719 | D:2      | Learned a level 3 spell: Regeneration
  1883 | D:2      | Found a basalt altar of Yredelemnul.
  2125 | D:3      | Reached skill level 6 in Necromancy
  2196 | D:3      | Noticed Robin
  2595 | D:3      | Killed Robin
  2697 | D:3      | Gained mutation: When seriously injured, your bleeding wounds create armour. (AC +6) [demonic ancestry]
  2697 | D:3      | Reached XP level 5. HP: 38/38 MP: 8/8
  2785 | D:3      | Noticed a two-headed ogre
  2811 | D:3      | Killed a two-headed ogre
  2811 | D:3      | Reached skill level 9 in Necromancy
  2811 | D:3      | Gained mutation: A demonic guardian rushes to your aid. [demonic ancestry]
  2811 | D:3      | Reached XP level 6. HP: 2/44 MP: 7/9
  2811 | D:3      | Reached XP level 7. HP: 3/50 MP: 7/10
  3074 | D:3      | Noticed casual's ghost (amateur BaFi)
  3082 | D:3      | Mangled by casual's ghost

Vault maps used:
D:1:      minmay_arrival_four_houses
D:2:      nicolae_overflow_crystal_walls, lemuel_doored_altar, serial_curves,
          eino_curves_02, eino_curves_03
D:3:      lemuel_crystal_altar, zin_statuary, uniq_robin

Skill      XL: |  1  2  3  4  5 |
---------------+----------------+-----
Necromancy     | 5 6 9 |  9.9
Fighting       | 1 2 |  2.0
Dodging        | |  1.7
Stealth        | |  1.7
Spellcasting   | |  2.0

Action                   |  1- 3 |  4- 6 |  7- 9 || total
-------------------------+-------+-------+-------++-------
Melee: Dagger            |    18 |    26 |    37 ||    81
       Spear             |    75 |    42 |       ||   117
 Cast: Pain              |    38 |    44 |       ||    82
       Vampiric Draining |       |     2 |       ||     2
 Stab: Sleeping          |     2 |     3 |       ||     5
  Eat: Chunk             |     1 |     6 |     1 ||     8
Armor: Robe              |    22 |     5 |       ||    27
       Animal skin       |       |     7 |    14 ||    21
Dodge: Dodged            |    57 |    67 |    25 ||   149
